 Dungeon Crawl Stone Soup version 0.27.1-2-g3b301248ec (webtiles) character file.

Game seed: 8582502544833066648

51 vvl the Changer (level 3, -2/18 HPs)
             Began as a Spriggan Transmuter on Sept 29, 2021.
             Slain by a gnoll (10 damage)
             ... on level 2 of the Dungeon.
             The game lasted 00:02:56 (1877 turns).

vvl the Changer (Spriggan Transmuter)               Turns: 1877, Time: 00:02:56

Health: -2/18      AC:  2    Str:  7    XL:     3   Next: 58%
Magic:  8/8        EV: 17    Int: 14    God:
Gold:   42         SH:  0    Dex: 15    Spells: 7/8 levels left

rFire    + . .     SeeInvis +     - Unarmed
rCold    . . .     Faith    .   (shield restricted)
rNeg     . . .     Spirit   .   a - +0 robe
rPois    .         Reflect  .   (helmet restricted)
rElec    .         Harm     .   (no cloak)
rCorr    .         Rampage  .   (gloves unavailable)
Will     .....                  (boots unavailable)
Stlth    +.........             (no amulet)
HPRegen  0.06/turn              b - ring of protection from fire
MPRegen  0.11/turn              (no ring)

@: very quick
A: very small, no large weapons, unfitting armour, see invisible, speed 3
a: no special abilities


You were on level 2 of the Dungeon.
You visited 1 branch of the dungeon, and saw 2 of its levels.

You collected 42 gold pieces.

Inventory:

Armour
 a - a +0 robe (worn)
Jewellery
 b - a ring of protection from fire (left hand)
Scrolls
 c - 2 scrolls of magic mapping {unknown}
 f - a scroll of identify {unknown}
Potions
 d - a potion of brilliance {unknown}
 e - a potion of haste {unknown}


   Skills:
 + Level 1.1 Fighting
 + Level 3.1 Dodging
 * Level 3.0 Unarmed Combat
 + Level 3.1 Spellcasting
 + Level 3.1 Transmutations
 + Level 1.4 Evocations


You had 7 spell levels left.
You knew the following spells:

 Your Spells              Type           Power      Damage    Failure   Level
a - Beastly Appendage     Tmut           20%        N/A       6%          1

Your spell library contained the following spells:

 Spells                   Type           Power      Damage    Failure   Level
 Wereblood                Tmut           10%        N/A       9%          2
 Spider Form              Tmut/Pois      3%         N/A       32%         3
 Ice Form                 Ice/Tmut       6%         N/A       73%         4


Dungeon Overview and Level Annotations

Branches:
Dungeon (2/15)

Altars:


Innate Abilities, Weirdness & Mutations

You are very small and have problems with some larger weapons.
You are too small for most types of armour.
You have supernaturally acute eyesight. (SInv)
You cover ground extremely quickly. (Speed+++)


Message History

The gnoll is lightly wounded.
The gnoll barely misses you. The gnoll misses you.
The gnoll closely misses you.
You hit the gnoll. Your kick misses the gnoll. Your headbutt misses the gnoll.
The gnoll is moderately wounded.
The gnoll barely misses you. The gnoll closely misses you.
You hit the gnoll. You headbutt the gnoll!
You kill the gnoll!
Your transformation is almost over.
The gnoll closely misses you. The gnoll barely misses you.
You barely miss the gnoll. You claw the gnoll. You headbutt the gnoll.
The gnoll is heavily wounded.
The gnoll barely misses you. The gnoll misses you.
You closely miss the gnoll. You claw the gnoll, but do no damage.
You headbutt the gnoll, but do no damage.
The gnoll is heavily wounded.
The gnoll misses you. The gnoll closely misses you.
You barely miss the gnoll.
The gnoll is heavily wounded.
The gnoll misses you. The gnoll completely misses you.
You hit the gnoll but do no damage. You claw the gnoll.
The gnoll is almost dead.
The gnoll misses you. The gnoll hits you with a +0 halberd.
You barely miss the gnoll. You claw the gnoll.
You kill the gnoll!
The gnoll closely misses you.
Your Unarmed Combat skill increases to level 3!
You hit the gnoll. You headbutt the gnoll!
The gnoll is almost dead.
The gnoll barely misses you.
You hit the gnoll but do no damage.
The gnoll is almost dead.
Your horns disappear.
Your talons disappear.
The gnoll hits you with a +0 halberd.
You barely miss the gnoll.
The gnoll is almost dead.
The gnoll hits you with a +0 halberd!
Ouch! That really hurt!
You die...

##..###.####.###.##.#
#..<)÷......##...#.######
#...............†.......g
##.###.#..####...##.#####
#.# #.#..# ##.###.# #.#
#.#..#####.# #.# #.#
#..)..?....# #.##### #.#
###)g#########......
#.#####@.........†.(...#
#...................##.#
#######.###########.##.#
#........†....##.#
################.# #.#
#.. ###


You could see a gnoll.

Vanquished Creatures
  2 gnolls (D:2)
  3 dart slugs
  2 bats
  3 endoplasms (D:1)
  3 goblins (D:1)
  2 quokkas
  4 ball pythons
  2 frilled lizards (D:1)
  A kobold (D:2)
  6 rats
28 creatures vanquished.

Notes
Turn   | Place    | Note
-------+----------+-------------------------------------------
     0 | D:1      | vvl the Spriggan Transmuter began the quest for the Orb.
     0 | D:1      | Reached XP level 1. HP: 9/9 MP: 5/5
   367 | D:1      | Reached XP level 2. HP: 5/14 MP: 4/6
   918 | D:1      | Reached skill level 1 in Fighting
   918 | D:1      | Reached skill level 1 in Evocations
  1480 | D:2      | Reached XP level 3. HP: 18/18 MP: 6/8
  1877 | D:2      | Slain by a gnoll

Illustrated notes

Levels and vault maps discovered:
D:1:      minmay_arrival_four_loops, layout_basic, grunt_decor_arrowhead
D:2:      layout_loops_ring

Skill      XL: |  1  2  3 |
---------------+----------+-----
Fighting       | 1 |  1.1
Evocations     | 1 |  1.4
Dodging        | 3 |  3.1
Spellcasting   | 3 |  3.1
Transmutations | 3 |  3.1
Unarmed Combat | 3 |  3.0

Action                   || total
-------------------------++-------
Melee: Unarmed           ||    77
       Kick              ||    18
       Headbutt          ||    12
       Punch             ||     1
 Cast: Beastly Appendage ||    23
 Stab: Sleeping          ||     2
Armor: Robe              ||     5
Dodge: Dodged            ||    60
